 Dungeon Crawl Stone Soup version 0.31-a0-339-gda1cbd555d (webtiles) character file.

Game seed: 2559404860197840044

49 avis the Chopper (level 3, -3/31 HPs)
             Began as a Hill Orc Monk on July 20, 2023.
             Succumbed to a kobold's poison
             ... on level 2 of the Dungeon.
             The game lasted 00:04:36 (1381 turns).

avis the Chopper (Hill Orc Monk)                    Turns: 1381, Time: 00:04:37

Health: -3/31      AC:  5    Str: 15    XL:     3   Next: 77%
Magic:  3/3        EV: 11    Int: 10    God:
Gold:   30         SH:  0    Dex: 13    Spells: 2/2 levels left

rFire   + . .        a - +0 hand axe
rCold   + . .        d - orb {light}
rNeg    . . .        k - +0 ring mail
rPois   +            (no helmet)
rElec   +            (no cloak)
rCorr   +            (no gloves)
SInv    .            (no boots)
Will    .....        (no amulet)
Stlth   +            (no ring)
HPRegen 0.25/turn    (no ring)
MPRegen 0.08/turn

%: no passive effects
@: lethally poisoned (-3 -> -27), resistant, glowing
A: no striking features
a: no special abilities


You were on level 2 of the Dungeon.
You visited 1 branch of the dungeon, and saw 2 of its levels.

You collected 30 gold pieces.

Inventory:

Hand Weapons
 a - a +0 hand axe (weapon)
 s - a +0 spear
Missiles
 f - 2 silver javelins
 q - a throwing net
Armour
 d - an orb of light (worn)
 k - a +0 ring mail (worn)
Talismans
 p - a beast talisman
Scrolls
 b - a scroll of brand weapon {unknown}
 h - a scroll of vulnerability {unknown}
 i - a scroll of amnesia {unknown}
 j - a scroll of poison {unknown}
 u - a scroll of noise {unknown}
Potions
 c - a potion of ambrosia
 e - a potion of berserk rage {unknown}
 g - 2 potions of resistance
 l - a potion of haste {unknown}
 m - a potion of heal wounds {unknown}
 n - a potion of might {unknown}
 o - a potion of attraction {unknown}
 r - a potion of degeneration {unknown}
 t - a potion of curing {unknown}


   Skills:
 - Level 3.6 Fighting
 * Level 5.9 Axes
 - Level 2.4 Dodging
 + Level 0.5 Shapeshifting


You had 2 spell levels left.
You didn't know any spells.
Your spell library was empty.

Dungeon Overview and Level Annotations

Branches:
Dungeon (2/15)

Altars:


Message History

The hobgoblin barely misses you.
You hit the hobgoblin.
You kill the hobgoblin!
u - a scroll labelled USMYXERELEV You now have 30 gold pieces (gained 12).
You start resting.
HP restored.
You open the door.
There is an open door here.
There is an open door here.
A kobold comes into view. It is wielding a +1 dagger of venom.
The kobold shouts!
The kobold hits you with a +1 dagger of venom.
You are poisoned.
You barely miss the kobold.
You feel sick. The kobold hits you but does no damage.
You are more poisoned.
You barely miss the kobold.
You feel very sick.
The kobold hits you with a +1 dagger of venom.
You are more poisoned.
You hit the kobold.
The kobold is heavily wounded.
You feel very sick.
The kobold hits you with a +1 dagger of venom.
You are more poisoned.
You hit the kobold but do no damage.
The kobold is moderately wounded.
You feel extremely sick.
The kobold hits you with a +1 dagger of venom.
* * * LOW HITPOINT WARNING * * *
You are more poisoned.
You hit the kobold.
The kobold is heavily wounded.
* * * LOW HITPOINT WARNING * * *
You feel extremely sick. The kobold hits you but does no damage.
It was a potion of resistance.
You feel protected.
You die...

#....####... #.#
#....# #. #.#
#.##.# #. #.#
###.##.######. #.#
#..........##. #.#
#.#.##.###.##. #.#
#.#......#.##. #K#
#.#..#...#.##.
#@###.#..#####.##.
#.....#........#..
####..#.######....
#....#.##...'....
#....#.##.###....
#....#.##.# #....
#....#.##.# #####
##.#####....#.##.#
#........#+##.##.#


You could see a kobold.

Vanquished Creatures
  2 adders (D:2)
  2 endoplasms (D:1)
  5 goblins
  6 hobgoblins
  3 kobolds (D:1)
  2 quokkas (D:1)
  5 ball pythons
  4 rats (D:1)
29 creatures vanquished.

Notes
Turn   | Place    | Note
-------+----------+-------------------------------------------
     0 | D:1      | avis the Hill Orc Monk began the quest for the Orb.
     0 | D:1      | Reached XP level 1. HP: 19/19 MP: 1/1
    99 | D:1      | Reached XP level 2. HP: 18/26 MP: 2/2
   290 | D:1      | Reached skill level 5 in Axes
   578 | D:1      | Reached XP level 3. HP: 31/31 MP: 3/3
  1381 | D:2      | Succumbed to a kobold's poison

Illustrated notes

Levels and vault maps discovered:
D:1:      tarquinn_simple_flora_water_f, layout_loops_corners
D:2:      layout_basic, uniq_natasha

Skill      XL: |  1  2 |
---------------+-------+-----
Axes           | 5 |  5.9
Fighting       | |  3.6
Dodging        | |  2.4
Shapeshifting  | |  0.5

Action                     || total
---------------------------++-------
  Melee: Hand axe          ||    84
    Use: Potion            ||     1
 Armour: Robe              ||     4
         Ring mail         ||    16
  Dodge: Dodged            ||    50

Table legend: (Time is in decaauts)
 A = Elapsed time spent in this place.
 B = Non-inter-level travel time spent in this place.
 C = Inter-level travel time spent in this place.
 D = Time resting spent in this place.
 E = Time spent auto-exploring this place.
 F = Levels seen in this place.
 G = Mean time per level.
                   A        B        C        D        E       F      G
               +--------+--------+--------+--------+--------+-----+--------+
         Total |   1386 |   1333 |     53 |    165 |    890 |   2 |  693.0 |
       Dungeon |   1386 |   1333 |     53 |    165 |    890 |   2 |  693.0 |
               +--------+--------+--------+--------+--------+-----+--------+

Top non-repeatable levels by time:
     D:1: 1084 daAuts
     D:2: 302 daAuts
